 Dungeon Crawl Stone Soup version 0.29.0-10-g45618ea6d2 (webtiles) character file.

Game seed: 11085237963317312085

21 Flugkiller the Trooper (level 2, 26/27 HPs)
             Began as a Minotaur Fighter on Sept 1, 2022.
             Was a Follower of Wu Jian.
             Quit the game on level 1 of the Dungeon.
             The game lasted 00:00:20 (759 turns).

Flugkiller the Trooper (Minotaur Fighter)            Turns: 759, Time: 00:00:20

Health: 26/27      AC:  7    Str: 20    XL:     2   Next: 62%
Magic:  1/1        EV:  9    Int:  5    God:    Wu Jian [*.....]
Gold:   30         SH:  4    Dex:  9    Spells: 1/1 levels left

rFire   . . .      SeeInvis .   a - +0 war axe
rCold   . . .      Faith    .   c - +0 buckler
rNeg    . . .      Spirit   .   b - +0 scale mail
rPois   .          Reflect  .   (helmet restricted)
rElec   .          Harm     .   (no cloak)
rCorr   .          Rampage  .   (no gloves)
Will    .....                   (no boots)
Stlth   ..........              (no amulet)
HPRegen 0.09/turn               (no ring)
MPRegen 0.07/turn               (no ring)

@: no status effects
A: horns 2, retaliatory headbutt
a: Renounce Religion


You were on level 1 of the Dungeon.
You worshipped Wu Jian.
Wu Jian was aware of your devotion.
You visited 1 branch of the dungeon, and saw 1 of its levels.

You collected 30 gold pieces.

Inventory:

Hand Weapons
 a - a +0 war axe (weapon)
Armour
 b - a +0 scale mail (worn)
 c - a +0 buckler (worn)
Potions
 d - a potion of might
 e - a potion of magic {unknown}


   Skills:
 + Level 4.0 Fighting
 * Level 3.3 Axes
 + Level 3.9 Armour
 - Level 3.6 Shields


You had one spell level left.
You didn't know any spells.
Your spell library was empty.

Dungeon Overview and Level Annotations

Branches:
Dungeon (1/15)

Altars:
Wu Jian


Innate Abilities, Weirdness & Mutations

You have a pair of horns on your head.
You reflexively headbutt those who attack you in melee.


Message History

You are frozen.
You barely miss the endoplasm. You headbutt the endoplasm.
The endoplasm is moderately wounded.
The endoplasm hits you but does no damage.
The endoplasm freezes you.
You are frozen.
You hit the endoplasm.
The endoplasm is almost dead.
The endoplasm freezes you.
You are frozen.
You slash the endoplasm!
You kill the endoplasm!
No target in view!
No target in view!
A goblin is nearby!
A goblin is nearby!
A goblin is nearby!
You slash the goblin!
You kill the goblin!
No target in view!
No target in view!
No target in view!
No target in view!
No target in view!
No target in view!
No target in view!
A bat comes into view.
A bat is nearby!
A bat is nearby!
The bat hits you but does no damage. You block the bat's attack.
The bat hits you but does no damage.
You hit the bat.
You kill the bat!
No target in view!
No target in view!
Found a stone staircase leading down.
e - a bubbling black potion You see here a +0 leather armour.
A ball python comes into view.
The ball python hisses angrily.
There is a stone staircase leading down here.
You hit the ball python.
The ball python is severely wounded.
The ball python closely misses you. x2
You closely miss the ball python.
The ball python is severely wounded.
The ball python bites you but does no damage.
The ball python grabs you. The ball python constricts you.
The ball python bites you but does no damage.
The ball python constricts you.
You barely miss the ball python.
The ball python is severely wounded.
The ball python barely misses you. The ball python constricts you.
The ball python bites you. The ball python constricts you.
You hit the ball python.
You kill the ball python!
No target in view!
No target in view!
You see here a ball python corpse.
You now have 30 gold pieces (gained 4).
Found 8 stones.
An endoplasm comes into view.
Found a faded altar of an unknown god.
The endoplasm quivers.
An endoplasm is nearby!
The endoplasm hits you but does no damage.
You slash the endoplasm!
You kill the endoplasm!
No target in view!
No target in view!
No target in view!
No target in view!
A bat comes into view.
There is a faded altar of an unknown god here.
The bat hits you but does no damage.
A bat is nearby!
You closely miss the bat. Your headbutt misses the bat. You hit the fungus.
The fungus begins to die.
You hit the fungus.
The fungus begins to die.
You hit the plant.
The plant begins to die.
The bat hits you but does no damage. The bat hits you.
The bat barely misses you.
You closely miss the bat. You hit the fungus. You hit the plant.
You hit the fungus. The bat hits you but does no damage.
You barely miss the bat.
You hit the fungus. x2; You hit the plant.
A nearby fungus withers and dies. x2; The bat hits you but does no damage. x2
You slash the bat!
You kill the bat!
You hit the plant.
A nearby plant withers and dies.
Your Fighting skill increases to level 4!
No target in view!
No target in view!
No target in view!
There is a faded altar of an unknown god here.
You cannot tell which god this altar belongs to.
Convert to them anyway?
Wu Jian accepts your prayer! The Council welcomes you!
You can now perform damaging attacks by moving towards foes.
You can now lightly attack monsters by moving around them.
Are you sure you want to abandon this character and quit the game? (Confirm with "yes".)

....# .##P..##. ....#
#P.P.P..# ....#
####.P..P.P### ....#
..#PP....P#.# ..[.#
#.#.PP..PP.P# ....#
#.#..P....P.# ....##.#
#.#..P..†.PP# .#>.##.#
#.#...P.....# .#.###.#
#.#####@##### .#†# #.#
#.#P.P.P...P# .#.###.#
#.#..PP..P..# ....##.#
#.#.P...P...# ....##.#
#.#..P.....P#
....##.###..#.PP..PP#.#
...........##.P....P###
.......###(##PPPP...#
####.### #.#.##.PP##.#


There were no monsters in sight!

Vanquished Creatures
  2 ball pythons (D:1)
  4 bats (D:1)
  3 endoplasms (D:1)
  A giant cockroach (D:1)
  A goblin (D:1)
  3 hobgoblins (D:1)
  3 kobolds (D:1)
17 creatures vanquished.

Vanquished Creatures (others)
  2 fungi (D:1)
  A plant (D:1)
3 creatures vanquished.

Grand Total: 20 creatures vanquished

Notes
Turn   | Place    | Note
-------+----------+-------------------------------------------
     0 | D:1      | Flugkiller the Minotaur Fighter began the quest for the
                  | Orb.
     0 | D:1      | Reached XP level 1. HP: 19/19 MP: 0/0
   313 | D:1      | Reached XP level 2. HP: 20/27 MP: 1/1
   735 | D:1      | Found a faded altar of an unknown god.
   757 | D:1      | Reached skill level 4 in Fighting
   758 | D:1      | Prayed at the altar of an unknown god.
   758 | D:1      | Became a worshipper of the Wu Jian Council
   758 | D:1      | Reached * piety under Wu Jian
   759 | D:1      | Quit the game

Illustrated notes

Levels and vault maps discovered:
D:1:      dpeg_arrival_morbid_curiosity, layout_basic,
          shapermc_ecumenical_altar_gd, corexii_leaking_fountain,
          minmay_hexomino_r4

Skill      XL: |  1  2 |
---------------+-------+-----
Axes           | 3 |  3.3
Fighting       | 4 |  4.0
Armour         | |  3.9
Shields        | |  3.6

Action                   || total
-------------------------++-------
Melee: War axe           ||    43
       Headbutt          ||     3
Armor: Scale mail        ||    27
Dodge: Dodged            ||    18
Block: Buckler           ||     8
